AoeStats
← [ICMW] DEMBA

Arena

504859413Analyzed
1v1 RM · 25d ago on Sep 6, 2026· 44m 34s· 2 players
Game mode
Random Map
Map size
Tiny (2 player)
Population
200
Speed
Normal
Resources
Standard
Victory
Conquest
Starting age
Dark Age
Ending age
Imperial Age
RankedLock teamsTeams togetherTeam positionsShared explorationLock speedFull tech treeHidden civsTurbo modeCheats
Victory
Defeat
🇹🇷 Malians · Türkiye
1128
+16
🇨🇴 Goths · Colombia
1126
-16
duvaniglesias70
10:51 Feudal Age
14:53 Castle Age
13:09 Double-Bit Axe
13:05 Horse Collar
17:13 Wheelbarrow
16:58 Fervor
23:35 Bow Saw
23:26 Heavy Plow
24:44 Town Watch
28:00 Imperial Age
25:53 Man-at-Arms
25:53 Pikeman
26:34 Squires
27:38 Forging
27:28 Scale Mail Armor
28:03 Gold Mining
28:20 Long Swordsman
30:54 Two-Handed Swordsman
32:58 Perfusion
33:43 Scale Mail Armor
35:10 Squires
36:07 Loom
36:43 Elite Skirmisher
40:15 Chemistry
39:33 Anarchy
[ICMW] DEMBA
10:34 Feudal Age
12:47 Loom
15:25 Castle Age
13:31 Horse Collar
14:33 Forging
14:18 Double-Bit Axe
17:21 Bow Saw
23:49 Scale Mail Armor
25:18 Chain Mail Armor
25:13 Squires
30:57 Imperial Age
31:32 Wheelbarrow
31:21 Elite Gbeto
35:16 Plate Mail Armor
37:29 Iron Casting
38:24 Chemistry
37:44 Gold Mining
37:45 Stone Mining
38:25 Fletching
41:14 Conscription
41:27 Murder Holes
41:53 Ballistics
41:40 Heavy Plow
42:16 Gold Shaft Mining
Connection lost

Rejoining the realm…

Still unreachable

The connection could not be restored.

Session expired

The server has moved on; the page needs a fresh start.